 Dungeon Crawl Stone Soup version 0.18.1-50-g88ac8fd (webtiles) character file.

1171 Peloso the Shield-Bearer (level 8, -5/70 HPs)
             Began as a Minotaur Fighter on Oct 2, 2016.
             Was a Believer of Okawaru.
             Killed by divine providence
             ... invoked by an orc priest
              (17 damage)
             ... on level 6 of the Dungeon.
             The game lasted 00:09:15 (4375 turns).

Peloso the Shield-Bearer (Minotaur Fighter)         Turns: 4375, Time: 00:09:16

Health: -5/70      AC: 11    Str: 22    XL:     8   Next: 18%
Magic:  16/16      EV:  8    Int:  5    God:    Okawaru [**....]
Gold:   270        SH: 10    Dex: 11    Spells: 0 memorised, 7 levels left

rFire  . . .     SeeInvis .     a - +0 long sword
rCold  . . .     Gourm    .     H - +0 chain mail
rNeg   . . .     Faith    .     c - +0 shield
rPois  .         Spirit   .     (helmet restricted)
rElec  .         Dismiss  .     q - +0 cloak
rCorr  .         Reflect  .     (no gloves)
SustAt +         Harm     .     (no boots)
MR     .....                    (no amulet)
Stlth  ..........               u - ring of magical power
                                s - ring of sustain attributes

@: about to teleport, slowed, very slow, not resistant to hostile enchantments,
extremely unstealthy
A: retaliatory headbutt, horns 2
a: Heroism, Renounce Religion


You were on level 6 of the Dungeon.
You worshipped Okawaru.
Okawaru was pleased with you.
You were hungry.

You visited 1 branch of the dungeon, and saw 6 of its levels.
You also visited: Ossuary.

You collected 270 gold pieces.

Inventory:

Hand Weapons
 a - a +0 long sword (weapon)
 o - a +1 mace of holy wrath
Armour
 c - a +0 shield (worn)
 q - a +0 cloak (worn)
 H - a +0 chain mail (worn)
Jewellery
 s - a ring of sustain attributes (left hand)
 u - a ring of magical power (right hand)
Wands
 m - a wand of random effects (27/48)
Scrolls
 k - a scroll of teleportation
 l - a scroll of recharging
 r - 2 scrolls of fog {unknown}
 v - a scroll of holy word {unknown}
 w - 2 scrolls of remove curse
 y - a scroll of enchant weapon {unknown}
 B - a scroll of fear {unknown}
 G - 2 scrolls of brand weapon {unknown}
 J - a scroll of identify
Potions
 d - a potion of might
 e - 2 potions of brilliance
 g - a potion of agility {unknown}
 h - a potion of cure mutation
 n - 2 potions of mutation {unknown}
 p - 2 potions of degeneration {unknown}
 t - 4 potions of haste {unknown}
 x - a potion of cancellation {unknown}
 z - a potion of magic {unknown}
 A - a potion of berserk rage {unknown}
 C - a potion of ambrosia {unknown}
Books
 b - a book of the Earth

   Spells                             Type                      Level
   a - Leda's Liquefaction            Hexes/Earth                  4
   b - Bolt of Magma                  Conjuration/Fire/Earth       5
   c - Statue Form                    Transmutation/Earth          6
   d - Iron Shot                      Conjuration/Earth            6
   e - Shatter                        Earth                        9
 D - a book of the Sky

   Spells                             Type                      Level
   a - Summon Lightning Spire         Summoning/Air                4
   b - Airstrike                      Air                          4
   c - Silence                        Hexes/Air                    5
   d - Deflect Missiles               Charms/Air                   6
   e - Conjure Ball Lightning         Conjuration/Air              6
   f - Tornado                        Air                          9
Comestibles
 f - 4 bread rations
 i - a slice of pizza
 j - a royal jelly
 E - a meat ration
 F - 5 fruits
 I - 3 chunks of flesh


   Skills:
 + Level 6.0 Fighting
 + Level 5.9 Long Blades
 + Level 6.1 Armour
 + Level 4.0 Dodging
 + Level 0.6 Stealth
 + Level 6.8 Shields


You had 7 spell levels left.
You didn't know any spells.

Dungeon Overview and Level Annotations

Branches:
Dungeon (6/15)             Temple (0/1) D:6

Altars:
Cheibriados
Okawaru
Pakellas
Qazlal
Ru
Xom


Innate Abilities, Weirdness & Mutations

You reflexively headbutt those who attack you in melee.
You have a pair of horns on your head.


Message History

You hit the orc wizard.
The orc wizard is almost dead.
You block the orc wizard's attack.
The orc wizard hits you but does no damage.
The orc priest looks braver for a moment.
The orc wizard hits you but does no damage.
Unknown command.
Read which item? (? for menu, Esc to quit)
As you read the scroll of teleportation, it crumbles to dust.
You feel strangely unstable.
The orc priest calls upon Beogh to heal the orc wizard.
The orc wizard is healed somewhat.
The orc wizard barely misses you. You furiously retaliate!
You headbutt the orc wizard!
You kill the orc wizard!
Okawaru accepts your kill.
Your Dodging skill increases to level 4!
The orc throws a tomahawk.
You block the tomahawk.
The orc priest calls down the wrath of Beogh upon you.
Beogh smites you!
You die...

####### ####.....
#....#.#
#.)o#######.# #.
#..o)@......#
#.##.###########
#.......#####...
#.....##.......#.#
#..
#..>.....#######.#
# #?.
#..............#.#
#.# #..
#........###.#.#.#
#..##..
#.........##.#.#.#
#.##..
##........##.#.#.#
#.....


You could see an orc priest and an orc.

Vanquished Creatures
  Sigmund (D:2)
  Edmund (D:5)
  An ogre (D:4)
  2 centaurs
  Blork the orc (D:5)
  2 scorpions
  A howler monkey (D:5)
  A crimson imp (D:5)
  3 orc wizards
  Crazy Yiuf (D:2)
  2 worker ants
  A hound zombie (D:5)
  3 mummies (Ossuary)
  A gnoll (D:1)
  7 adders
  A shadow imp (D:5)
  4 adder zombies (Ossuary)
  3 worms (D:2)
  A dart slug (D:1)
  A giant gecko (D:5)
  13 orcs
  A ball python (D:1)
  7 giant cockroaches
  4 hobgoblins
  A quokka (D:4)
  10 bats
  6 giant newts
  7 goblins
  A goblin zombie (Ossuary)
  4 hobgoblin zombies (Ossuary)
  6 kobolds
  4 kobold zombies (Ossuary)
  4 quokka zombies (Ossuary)
  10 rats
  A rat zombie (Ossuary)
117 creatures vanquished.

Notes
Turn   | Place    | Note
--------------------------------------------------------------
     0 | D:1      | Peloso the Minotaur Fighter began the quest for the Orb.
     0 | D:1      | Reached XP level 1. HP: 19/19 MP: 0/0
     3 | D:1      | Noticed an electric eel
     3 | D:1      | Noticed an electric eel
   226 | D:1      | Reached XP level 2. HP: 27/27 MP: 1/1
   477 | D:1      | Reached XP level 3. HP: 21/33 MP: 2/2
   761 | D:2      | Noticed Sigmund
   771 | D:2      | Killed Sigmund
   771 | D:2      | Reached skill level 5 in Fighting
   771 | D:2      | Reached skill level 1 in Dodging
   771 | D:2      | Reached XP level 4. HP: 12/42 MP: 3/3
   771 | D:2      | Reached XP level 5. HP: 13/48 MP: 4/4
   992 | D:2      | Found a faded altar to an unknown god.
  1008 | D:2      | Found a stormy altar of Qazlal.
  1080 | D:2      | Reached skill level 5 in Armour
  1225 | D:2      | Noticed Crazy Yiuf
  1230 | D:2      | Killed Crazy Yiuf
  1543 | D:3      | Reached XP level 6. HP: 52/56 MP: 5/5
  1637 | D:3      | Found an iron altar of Okawaru.
  1649 | D:3      | Became a worshipper of Warmaster Okawaru
  1717 | D:3      | Reached skill level 5 in Shields
  2518 | D:4      | Found a sand-covered staircase.
  2562 | Ossuary  | Entered an ossuary
  2883 | D:4      | Found an oddly glowing altar of Pakellas.
  2883 | D:4      | Found a snail-covered altar of Cheibriados.
  2950 | D:4      | Found a shimmering altar of Xom.
  3233 | D:4      | Reached XP level 7. HP: 57/61 MP: 6/6
  3332 | D:5      | Entered Level 5 of the Dungeon
  3355 | D:5      | Noticed Blork the orc
  3360 | D:5      | Noticed Edmund
  3369 | D:5      | Killed Blork the orc
  3369 | D:5      | Reached * piety under Okawaru
  3369 | D:5      | Reached skill level 5 in Long Blades
  3393 | D:5      | Killed Edmund
  3980 | D:5      | Found a sacrificial altar of Ru.
  4277 | D:6      | Reached XP level 8. HP: 40/70 MP: 7/7
  4307 | D:6      | Found a staircase to the Ecumenical Temple.
  4375 | D:6      | Reached ** piety under Okawaru
  4375 | D:6      | Killed from afar by an orc priest

Skill      XL: |  1  2  3  4  5  6  7  8 |
---------------+-------------------------+-----
Fighting       | 4 5 6 |  6.0
Armour         | 4 5 6 |  6.1
Shields        | 4 5 6 |  6.8
Long Blades    | 3 4 5 |  5.9
Dodging        | 1 2 3 4 |  4.0
Stealth        | |  0.6

Action                   |  1- 3 |  4- 6 |  7- 9 || total
-------------------------+-------+-------+-------++-------
Melee: Long sword        |    78 |   133 |   115 ||   326
       Headbutt          |     3 |    26 |    29 ||    58
       Mace              |       |    12 |       ||    12
  Use: Scroll            |       |     8 |     2 ||    10
       Potion            |       |       |     1 ||     1
  Eat: Chunk             |       |     6 |     5 ||    11
Armor: Scale mail        |    32 |    63 |    25 ||   120
       Chain mail        |       |       |    22 ||    22
Dodge: Dodged            |    18 |    40 |    28 ||    86
Block: Shield            |    40 |    82 |    71 ||   193
